Map: Acropolis LE

Players

Poo - Winner!

  • Race: Protoss Protoss
  • League: Diamond
  • Spawn Location: 11:00

VOD

Have the link to the VOD?

Description

Time

  • Played on: May 24, 2019, 5:59 p.m.
  • Length: 11:37
Show
View Real Time Build Order
Export as new Build Order

Poo Protoss - Winner!

Build Orders: 1 Gate Expand, Colossus Rush 

Get SALT Encoding   

  12  0:02  Probe  
  12  0:14  Probe  
  12  0:19  Pylon  
  12  0:26  Probe  
  12  0:37  Probe  
  12  0:39  Gateway  
  12  0:45  Probe  
  12  0:53  Probe  
  12  0:55  Assimilator  
  12  1:05  Probe  
  12  1:17  Probe  
  12  1:26  Cybernetics Core  
  12  1:27  Probe  
  12  1:29  Assimilator  
  12  1:35  Probe  
  12  1:44  Nexus  
  12  1:50  Pylon  
  12  1:57  Probe  
  12  2:07  Stalker  
  12  2:09  Warp Gate  
  12  2:15  Probe  
  12  2:23  Robotics Facility  
  12  2:26  Probe  
  12  2:32  Gateway  
  12  2:35  Probe  
  12  2:43  Probe  
  12  2:46  Sentry  
  12  2:49  Pylon  
  12  2:54  Probe  
  12  2:57  Probe  
  12  3:02  Probe  
  12  3:09  Probe  
  12  3:10  Observer  
  12  3:11  Probe  
  12  3:12  Stalker  
  12  3:21  Probe  
  12  3:28  Probe  
  12  3:29  Probe  
  12  3:32  Assimilator  
  12  3:37  Probe  
  12  3:39  Robotics Bay, Assimilator  
  12  3:40  Probe  
  12  3:43  Stalker  
  12  3:49  Probe  
  12  3:51  Pylon  
  12  3:57  Probe  
  12  4:02  Probe  
  12  4:09  Probe  
  12  4:12  Probe  
  12  4:15  Stalker  
  12  4:18  Probe  
  12  4:19  Pylon  
  12  4:20  Probe  
  12  4:26  Probe  
  12  4:28  Probe  
  12  4:32  Extended Thermal Lance  
  12  4:36  Probe, Colossus  
  12  4:39  Pylon  
  12  4:40  Probe  
  12  4:43  Stalker  
  12  4:45  Stalker  
  12  4:48  Probe  
  12  4:54  Forge  
  12  4:57  Probe  
  12  4:58  Twilight Council  
  12  5:00  Probe  
  12  5:09  Probe  
  12  5:11  Probe, Pylon  
  12  5:15  Pylon  
  12  5:16  Stalker  
  12  5:17  Stalker  
  12  5:25  Probe x2  
  12  5:32  Colossus  
  12  5:33  Protoss Ground Weapons Level 1  
  12  5:37  Probe x2  
  12  5:49  Probe x2  
  12  5:50  Nexus  
  12  5:56  Gateway  
  12  6:01  Probe  
  12  6:05  Gateway  
  12  6:08  Gateway  
  12  6:10  Gateway  
  12  6:14  Pylon  
  12  6:16  Probe x2  
  12  6:23  Pylon  
  12  6:28  Probe  
  12  6:32  Probe, Colossus  
  12  6:35  Forge  
  12  6:46  Templar Archives  
  12  6:48  Stalker x2, Pylon  
  12  6:50  Protoss Shields Level 1  
  12  6:51  Probe x2  
  12  7:03  Probe x2  
  12  7:05  Probe  
  12  7:11  Nexus  
  12  7:15  Probe x2  
  12  7:17  Probe  
  12  7:21  Protoss Ground Weapons Level 2  
  12  7:26  Assimilator  
  12  7:27  Probe x2  
  12  7:28  Assimilator, Colossus  
  12  7:29  Probe  
  12  7:34  Pylon  
  12  7:39  Probe x2  
  12  7:41  Probe, Pylon  
  12  7:43  Pylon  
  12  7:44  Pylon  
  12  7:51  Probe x2  
  12  7:53  Probe  
  12  7:58  Charge  
  12  8:05  Gateway  
  12  8:08  Gateway  
  12  8:09  Gateway  
  12  8:11  Gateway  
  12  8:15  Stalker  
  12  8:16  Stalker x4  
  12  8:20  Assimilator  
  12  8:25  Assimilator  
  12  8:26  Observer  
  12  8:31  Psionic Storm  
  12  8:43  Colossus  
  12  8:53  High Templar x3  
  12  8:55  Zealot x3  
  12  8:57  Archon  
  12  9:01  Protoss Shields Level 2  
  12  9:28  Zealot x9  
  12  9:29  Zealot  
  12  9:30  Nexus  
  12  9:31  Pylon  
  12  9:39  Colossus  
  12  9:51  Pylon  
  12  9:53  Pylon x2  
  12  9:54  High Templar x2  
  12  9:56  Pylon  
  12  9:57  Pylon  
  12  9:58  Pylon  
  12  10:08  Photon Cannon  
  12  10:10  Shield Battery  
  12  10:13  Photon Cannon  
  12  10:15  Shield Battery  
  12  10:17  Shield Battery  
  12  10:19  Photon Cannon x2  
  12  10:22  Shield Battery  
  12  10:33  High Templar x6  
  12  10:42  Gateway  
  12  10:43  Gateway  
  12  10:45  Gateway  
  12  10:47  Gateway  
  12  10:51  Gateway  
  12  10:52  Gateway  
  12  10:53  Stargate  
  12  10:55  Stargate  
  12  10:58  Stargate  
  12  11:01  Stargate  
  12  11:04  Archon x2  
  12  11:05  Archon x2  
  12  11:32  Stargate  
Tags
 
Add a new tag
Caveats
  • Supply blocks, unpowered buildings, or Contaminate may cause inaccurate times.
  • Supply counts are checked every 10 seconds.